 Dungeon Crawl Stone Soup version 0.20-a0-350-ga83eecc (console) character file.

2043 nht the Martial Artist (level 9, 0/64 HPs)
             Began as a Yellow Draconian Transmuter on Dec 23, 2016.
             Was an Initiate of Okawaru.
             Slain by an orc
             ... wielding a cursed -2 club
              (2 damage)
             ... on level 6 of the Dungeon.
             The game lasted 00:08:59 (3663 turns).

nht the Martial Artist (DrTm)                       Turns: 3663, Time: 00:09:00

Health: 0/64       AC:  7    Str: 17    XL:     9   Next: 4%
Magic:  12/12      EV: 12    Int: 17    God:    Okawaru [......]
Gold:   218        SH:  0    Dex: 12    Spells: 12/12 levels left

rFire  . . .     SeeInvis .       - Unarmed
rCold  + . .     Gourm    .     (armour unavailable)
rNeg   . . .     Faith    .     (no shield)
rPois  .         Spirit   .     (helmet restricted)
rElec  .         Reflect  .     (no cloak)
rCorr  +         Harm     .     (no gloves)
MR     .....                    (no boots)
Stlth  +.........               g - amulet of regeneration
                                (no ring)
                                d - ring of protection from cold

@: mighty
A: spit acid, acid resistance, unfitting armour, cold-blooded, AC +7
a: Breathe Acid, Renounce Religion


You were on level 6 of the Dungeon.
You worshipped Okawaru.
Okawaru was noncommittal.
You were not hungry.

You visited 2 branches of the dungeon, and saw 7 of its levels.
You also visited: Ossuary.

You collected 218 gold pieces.

Inventory:

Jewellery
 d - a ring of protection from cold (left hand)
 g - an amulet of regeneration (around neck)
Wands
 m - a wand of iceblast (3/15)
Scrolls
 e - 4 scrolls of teleportation
 f - 3 scrolls of identify
 k - 2 scrolls of fog
 l - 2 scrolls of amnesia
 n - a scroll of magic mapping
Potions
 o - 3 potions of haste
 p - a potion of curing
 t - a potion of heal wounds
Books
 b - a book of Changes

   Spells                             Type                      Level
   a - Beastly Appendage              Transmutation                1
   b - Sticks to Snakes               Transmutation                2
   c - Spider Form                    Transmutation/Poison         3
   d - Ice Form                       Ice/Transmutation            4
   e - Blade Hands                    Transmutation                5
Comestibles
 c - 4 bread rations
 i - 3 chunks of flesh
 q - a royal jelly
 s - 3 fruits


   Skills:
 - Level 1.1 Fighting
 - Level 1.7 Dodging
 + Level 12.0 Unarmed Combat
 - Level 2.0 Spellcasting
   Level 2.0 Transmutations


You had 12 spell levels left.
You didn't know any spells.

Dungeon Overview and Level Annotations

Branches:
Dungeon (6/15)             Temple (1/1) D:5

Altars:
Ashenzari
Cheibriados
Dithmenos
Elyvilon
Fedhas
Gozag
Hepliaklqana
Kikubaaqudgha
Nemelex Xobeh
Okawaru
Qazlal
Ru
Sif Muna
Uskayaw
Vehumet
Xom
Yredelemnul
Zin


Innate Abilities, Weirdness & Mutations

You can spit globs of acid.
You are resistant to acid.
Your golden yellow scales are hard. (AC +7)
You cannot fit into any form of body armour.
You are cold-blooded and may be slowed by cold attacks.


Message History

The orc warrior is heavily wounded.
The orc warrior hits you with a flail!!
An orc comes into view. It is wielding a club.
You hit the orc warrior.
The orc warrior is severely wounded.
The orc barely misses you.
You hit the orc warrior.
The orc warrior is severely wounded.
The orc warrior hits you with a flail!!
* * * LOW HITPOINT WARNING * * *
The orc barely misses you.
An orc comes into view.
There is a stone staircase leading up here.
The orc throws a tomahawk.
The tomahawk misses you.
You see here a tomahawk.
You feel very mighty all of a sudden. The orc warrior hits you with a flail!
* * * LOW HITPOINT WARNING * * *
The orc hits you with a club.
You die...

█ █.██ █.█.
███...██████
█....))o...█
█..$..)<...█
█........o.█
█........o@█


████████████ You could see an orc warrior and 2 orcs.

Vanquished Creatures
  Pikel (D:5)
  A sky beast (D:5)
  The ghost of azzavlup the Changer, an amateur DrTm (D:3)
  An ogre (D:5)
  A centaur (D:5)
  2 water moccasin zombies (Ossuary)
  A howler monkey (D:5)
  A hound (D:3)
  2 orc priests (D:5)
  4 orc wizards (D:5)
  3 worker ants
  2 big kobold zombies (Ossuary)
  2 mummies (Ossuary)
  8 adders
  2 shadow imps (D:5)
  2 oozes (D:2)
  An adder skeleton (D:5)
  4 adder zombies (Ossuary)
  2 worms
  4 dart slugs
  3 leopard geckos
  15 orcs
  2 ball pythons (D:1)
  3 giant cockroaches (D:1)
  A gnoll zombie (Ossuary)
  7 goblins
  6 hobgoblins
  2 jackals (D:1)
  9 kobolds
  3 quokkas
  6 bats
  2 frilled lizards
  6 hobgoblin zombies (Ossuary)
  A jackal zombie (D:5)
  5 kobold zombies (Ossuary)
  4 orc zombies (Ossuary)
  4 rats
124 creatures vanquished.

Vanquished Creatures (others)
  5 dream sheep (D:5)
  2 slaves (D:5)
  A scorpion (D:5)
  A centaur zombie (D:5)
  A worker ant (D:5)
  A shadow imp (D:5)
  An orc (D:5)
12 creatures vanquished.

Grand Total: 136 creatures vanquished

Notes
Turn   | Place    | Note
-------+----------+-------------------------------------------
     0 | D:1      | nht the Draconian Transmuter began the quest for the Orb.
     0 | D:1      | Reached XP level 1. HP: 16/16 MP: 3/3
   183 | D:1      | Reached XP level 2. HP: 7/23 MP: 5/5
   346 | D:1      | Reached skill level 4 in Unarmed Combat
   570 | D:1      | Reached XP level 3. HP: 18/28 MP: 6/6
  1046 | D:2      | Reached XP level 4. HP: 35/35 MP: 7/7
  1272 | D:3      | Reached skill level 5 in Unarmed Combat
  1317 | D:3      | Found a shattered altar of Ashenzari.
  1426 | D:3      | Noticed azzavlup's ghost (amateur DrTm)
  1435 | D:3      | Killed azzavlup's ghost
  1435 | D:3      | Reached skill level 6 in Unarmed Combat
  1435 | D:3      | Reached XP level 5. HP: 38/40 MP: 8/8
  1555 | D:3      | Found a snail-covered altar of Cheibriados.
  1797 | D:4      | Reached XP level 6. HP: 14/47 MP: 9/9
  1895 | D:5      | Entered Level 5 of the Dungeon
  1903 | D:5      | Found a sand-covered staircase.
  1908 | Ossuary  | Entered an ossuary
  1955 | Ossuary  | Reached skill level 7 in Unarmed Combat
  2264 | D:5      | Reached skill level 8 in Unarmed Combat
  2274 | D:5      | Your scales start taking on a golden yellow colour.
  2274 | D:5      | Reached XP level 7. HP: 52/52 MP: 10/10
  2317 | D:5      | Found a staircase to the Ecumenical Temple.
  2322 | D:5      | Noticed Pikel
  2330 | D:5      | Killed Pikel
  2330 | D:5      | Reached skill level 9 in Unarmed Combat
  2342 | D:5      | Reached XP level 8. HP: 33/59 MP: 11/11
  2351 | Temple   | Entered the Ecumenical Temple
  2499 | Temple   | Became a worshipper of Warmaster Okawaru
  2642 | D:5      | Reached skill level 10 in Unarmed Combat
  3125 | D:5      | Found a shimmering altar of Xom.
  3125 | D:5      | Noticed a dream sheep
  3125 | D:5      | Noticed a dream sheep
  3125 | D:5      | Noticed a dream sheep
  3125 | D:5      | Noticed a dream sheep
  3125 | D:5      | Noticed a dream sheep
  3126 | D:5      | Killed a dream sheep
  3126 | D:5      | Killed a dream sheep
  3126 | D:5      | Killed a dream sheep
  3126 | D:5      | Killed a dream sheep
  3126 | D:5      | Reached skill level 11 in Unarmed Combat
  3126 | D:5      | Killed a dream sheep
  3126 | D:5      | Reached XP level 9. HP: 64/64 MP: 12/12
  3608 | D:5      | Reached skill level 12 in Unarmed Combat
  3663 | D:6      | HP: 2/64 [orc warrior/flail (16)]
  3663 | D:6      | Slain by an orc

Vault maps used:
D:1:      ncdulo_wetmaze
D:2:      first_bread
D:3:      lemuel_crystal_altar, nicolae_overflow_hidden_temple
D:4:      serial_shops, shop, uniq_eustachio
D:5:      enter_ossuary_2, nrook_mini_vaults, kb_xom_exploding_sheep, uniq_pikel
D:6:      basic_altar
Temple:   regret_index_temple_sphere_string
Ossuary:  ossuary_tomb_2

Skill      XL: |  1  2  3  4  5  6  7  8  9 |
---------------+----------------------------+-----
Unarmed Combat | 4 6 8 9 11 12 | 12.0
Fighting       | |  1.1
Dodging        | |  1.7
Spellcasting   | |  2.0
Transmutations | |  2.0

Action                   |  1- 3 |  4- 6 |  7- 9 || total
-------------------------+-------+-------+-------++-------
Melee: Unarmed           |   154 |   291 |    92 ||   537
       Tailslap          |    12 |    32 |     3 ||    47
       Punch             |     2 |     4 |       ||     6
Evoke: Wand              |       |       |     5 ||     5
  Use: Potion            |     1 |     8 |     3 ||    12
       Scroll            |       |     8 |     4 ||    12
 Stab: Sleeping          |     1 |     3 |       ||     4
       Invisible         |       |     2 |       ||     2
  Eat: Chunk             |     1 |     4 |     5 ||    10
Armor: Skin              |    41 |    87 |    29 ||   157
Dodge: Dodged            |    86 |   173 |    30 ||   289
